 Dungeon Crawl Stone Soup version 0.28.0-53-g5a82cb258f (webtiles) character file.

Game seed: 4303943475283676440

1395 Gabide the Ducker (level 9, -2/71 HPs)
             Began as a Human Monk on May 31, 2022.
             Slain by a basilisk (7 damage)
             ... while petrified by a basilisk
             ... on level 7 of the Dungeon.
             The game lasted 00:15:16 (9606 turns).

Gabide the Ducker (Human Monk)                      Turns: 9606, Time: 00:15:17

Health: -2/71      AC:  4    Str: 12    XL:     9   Next: 0%
Magic:  2/2        EV:  2    Int: 11    God:
Gold:   222        SH:  0    Dex: 19    Spells: 8/8 levels left

rFire   . . .      SeeInvis .   l - +1 spear (antimagic)
rCold   . . .      Faith    .   (no shield)
rNeg    + + +      Spirit   .   f - +0 leather armour
rPois   ∞          Reflect  .   (no helmet)
rElec   .          Harm     .   (no cloak)
rCorr   .          Rampage  .   e - +0 pair of gloves
Will    .....                   (no boots)
Stlth   ++........              (no amulet)
HPRegen 0.21/turn               (no ring)
MPRegen 0.08/turn               (no ring)

@: petrified
A: low MP 1
a: no special abilities


You were on level 7 of the Dungeon.
You visited 1 branch of the dungeon, and saw 7 of its levels.

You collected 252 gold pieces.
You spent 30 gold pieces at shops.

Inventory:

Hand Weapons
 a - a +0 spear of protection
 d - a +1 spear of flaming
 i - a +2 dagger of electrocution
 l - a +1 antimagic spear (weapon)
 r - a +0 halberd
Missiles
 v - 9 poisoned darts (quivered)
Armour
 e - a +0 pair of gloves (worn)
 f - a +0 leather armour (worn)
Scrolls
 h - a scroll of amnesia
 m - a scroll of magic mapping {unknown}
 n - 2 scrolls of fear
 p - a scroll of holy word {unknown}
 q - a scroll of vulnerability
 s - a scroll of enchant armour {unknown}
 t - 2 scrolls of teleportation
 w - a scroll of silence {unknown}
Potions
 b - a potion of curing
 c - 2 potions of mutation
 g - a potion of resistance
 j - a potion of might
 k - a potion of attraction
 o - a potion of cancellation
 u - a potion of brilliance {unknown}
 x - a potion of lignification {unknown}
 z - a potion of degeneration {unknown}
 A - a potion of flight {unknown}


   Skills:
 + Level 6.7 Fighting
 + Level 6.6 Polearms
 + Level 6.7 Dodging
 - Level 2.0 Stealth


You had 8 spell levels left.
You didn't know any spells.
Your spell library contained the following spells:

 Spells                   Type           Power      Damage    Failure   Level
 Blink                    Tloc           0%         N/A       56%         2
 Call Canine Familiar     Summ           0%         N/A       80%         3
 Gell's Gravitas          Tloc           0%         N/A       80%         3
 Lesser Beckoning         Tloc           0%         N/A       80%         3
 Portal Projectile        Hex/Tloc       0%         N/A       80%         3
 Teleport Other           Tloc           0%         N/A       80%         3
 Leda's Liquefaction      Hex/Erth       0%         N/A       99%         4
 Manifold Assault         Tloc           0%         N/A       100%        5
 Storm Form               Tmut/Air       0%         N/A       100%        7


Dungeon Overview and Level Annotations

Branches:
Dungeon (7/15)
 Temple: D:4-7

Altars:
Nemelex Xobeh
Trog

Shops:
D:2 ?

Annotations:
D:3 3 runed translucent doors, Infinimo's ghost, amateur MiFi
D:5 exclusion: troll


Innate Abilities, Weirdness & Mutations

Your magical capacity is low. (-10% MP)


Message History

The basilisk bites you!
You turn to flesh and can move again.
Press: ? - help, v - describe, . - travel
Here: a basilisk (heavily wounded)
The floor, spattered with blood.
Unknown command.
Your +0 spear of protection goes still.
You feel magic leave you.
l - a +1 antimagic spear (weapon)
You hit the basilisk.
The basilisk's magic leaks into the air.
The basilisk is heavily wounded.
The basilisk gazes at you.
You are slowing down.
You feel better.
The basilisk's magic is no longer disrupted.
The basilisk bites you. The basilisk bites you!
* * * LOW HITPOINT WARNING * * *
Your limbs are stiffening.
You completely miss the basilisk.
The basilisk is heavily wounded.
The basilisk gazes at you.
Your limbs have turned to stone.
You have turned to stone.
The basilisk bites you!
* * * LOW HITPOINT WARNING * * *
The basilisk bites you but does no damage.
The basilisk bites you.
* * * LOW HITPOINT WARNING * * *
The basilisk gazes at you. You resist with some effort.
The basilisk gazes at you. You resist with some effort.
The basilisk completely misses you. The basilisk bites you.
* * * LOW HITPOINT WARNING * * *
The basilisk bites you!!
* * * LOW HITPOINT WARNING * * *
The basilisk bites you.
* * * LOW HITPOINT WARNING * * *
The basilisk bites you!
You die...

#.#......#
#.#......########
#................
##......#########
#............. #
#..#'#########
#.####..........
#..l............
.......#@...........
.......+....>.......
.......#............
.......#............
.......#............
.l.###+#...........
... ......#####
.....># ......#


You could see a basilisk.

Vanquished Creatures
  A wyvern (D:6)
  An ice beast (D:5)
  A necrophage (D:6)
  4 scorpions
  3 killer bees (D:4)
  A howler monkey (D:5)
  A bullfrog zombie (D:6)
  A centaur zombie (D:6)
  3 hounds
  An orc priest (D:4)
  2 iguanas
  3 orc wizards (D:4)
  A hound zombie (D:5)
  Robin (D:2)
  4 adders
  12 gnolls
  A shadow imp (D:6)
  An ufetubus (D:4)
  An adder skeleton (D:4)
  3 worms
  3 dart slugs
  20 orcs
  6 bats
  10 endoplasms
  3 giant cockroaches (D:2)
  17 goblins
  7 hobgoblins
  6 jackals (D:1)
  4 quokkas
  7 ball pythons
  3 frilled lizards
  7 kobolds
  6 rats
145 creatures vanquished.

Vanquished Creatures (others)
  A plant (D:2)
1 creature vanquished.

Grand Total: 146 creatures vanquished

Notes
Turn   | Place    | Note
-------+----------+-------------------------------------------
     0 | D:1      | Gabide the Human Monk began the quest for the Orb.
     0 | D:1      | Reached XP level 1. HP: 18/18 MP: 1/1
   311 | D:1      | Reached XP level 2. HP: 24/24 MP: 2/2
   766 | D:1      | Reached XP level 3. HP: 24/29 MP: 3/3
  1328 | D:2      | Found Enuic's Magic Scroll Shop.
  1336 | D:2      | Bought a scroll of teleportation for 30 gold pieces
  1418 | D:2      | Gained mutation: Your magical capacity is low. (-10% MP)
                  | [potion of mutation]
  1447 | D:2      | Reached XP level 4. HP: 18/36 MP: 3/3
  1797 | D:2      | Reached XP level 5. HP: 29/42 MP: 4/4
  2138 | D:2      | Noticed Robin
  2481 | D:2      | Killed Robin
  2861 | D:3      | Reached XP level 6. HP: 48/48 MP: 5/5
  3324 | D:3      | Found a runed translucent gate.
  3324 | D:3      | Found a runed translucent gate.
  3329 | D:3      | Noticed Infinimo's ghost (amateur MiFi)
  3330 | D:3      | Found a runed translucent gate.
  4657 | D:4      | Reached XP level 7. HP: 24/55 MP: 6/6
  4738 | D:4      | Reached skill level 5 in Fighting
  4786 | D:4      | Reached skill level 5 in Dodging
  4795 | D:4      | Reached skill level 5 in Polearms
  6530 | D:5      | Entered Level 5 of the Dungeon
  6754 | D:5      | Reached XP level 8. HP: 47/63 MP: 7/7
  7155 | D:5      | Found a bloodstained altar of Trog.
  7984 | D:5      | Noticed a troll
  8363 | D:6      | Noticed a wyvern
  9121 | D:6      | Found a sparkling altar of Nemelex Xobeh.
  9280 | D:6      | Killed a wyvern
  9281 | D:6      | Reached XP level 9. HP: 32/71 MP: 8/8
  9606 | D:7      | Slain by a basilisk

Illustrated notes

Levels and vault maps discovered:
D:1:      matt_arrival_los_fun, layout_loops_corners, minmay_misc_feat_enclosed,
          chequers_serial_rivers_micro_a, minmay_misc_feat_roman, chequers_jeans
D:2:      layout_loops_ring, serial_shops, nicolae_shop_trees,
          serial_bayou_pond_d, uniq_robin
D:3:      minmay_door_path, layout_basic, gammafunk_ghost_nasty_kobolds
D:4:      layout_basic
D:5:      layout_basic, yredelemnul_forgotten_temple_becter,
          mainiacjoe_overflow_24_doors
D:6:      layout_basic, lemuel_coloured_pillars_altar, nrook_uturn, minivault_1,
          palyth_stone_intersect
D:7:      layout_basic, minmay_temple_entry_mist, uniq_duvessa,
          uniq_crazy_yiuf_cottage

Skill      XL: |  1  2  3  4  5  6  7  8 |
---------------+-------------------------+-----
Fighting       | 4 5 6 |  6.7
Dodging        | 4 5 6 |  6.7
Polearms       | 4 5 6 |  6.6
Stealth        | |  2.0

Action                   |  1- 3 |  4- 6 |  7- 9 || total
-------------------------+-------+-------+-------++-------
Melee: Spear             |   136 |   422 |   529 ||  1087
       Punch             |       |     2 |     7 ||     9
Throw: Dart              |       |       |     3 ||     3
  Use: Scroll            |     1 |     5 |     7 ||    13
       Potion            |     1 |     1 |     4 ||     6
 Stab: Sleeping          |     5 |     9 |     2 ||    16
       Distracted        |       |     1 |       ||     1
Armor: Robe              |     7 |       |       ||     7
       Leather armour    |     9 |   144 |   146 ||   299
Dodge: Dodged            |    46 |   203 |   308 ||   557
